[Event "Titled Tuesday Blitz November 08 Late 2022"]
[White "Indjic, Aleksandar"]
[Black "Fernandez Guillen, Ernesto J."]
[WhiteFideId "911925"]
[BlackFideId "3512428"]
[WhiteElo "2592"]
[BlackElo "2450"]
[Result "0-1"]
[Round "11"]
[TimeControl "180+1"]
[Date "2022.11.09"]
[WhiteClock "0:00:01"]
[BlackClock "0:00:06"]

1. d4 Nf6 2. Nf3 g6 3. Bg5 Bg7 4. Nbd2 d5 5. c3 O-O 6. e3 b6 7. h4 h6 8. Bf4 Bb7 9. Ne5 Nbd7 10. g4 Ne4 11. Nxd7 Qxd7 12. Nxe4 dxe4 13. g5 h5 14. Bh3 Qd5 15. Qb3 c5 16. c4 Qc6 17. d5 Qe8 18. Bg2 e6 19. Bxe4 exd5 20. Bxd5 Bxd5 21. cxd5 Qe4 22. O-O-O Rfd8 23. Bg3 Rac8 24. Qc2 Qf3 25. d6 c4 26. Rhe1 b5 27. e4 b4 28. Qe2 Qg2 29. Rh1 b3 30. Kb1 c3 31. bxc3 bxa2+ 32. Kxa2 Rc5 33. d7 Ra5+ 34. Kb3 Rxd7 35. Rdg1 Rb7+ 36. Kc4 Ra4+ 37. Kd5 Rd7+ 38. Kc6 Rd2 39. Qxd2 Qxe4+ 40. Kd7 Qe6+ 41. Kc7 Rc4+ 42. Kb7 Qb6+ 43. Ka8 Rc8+ 0-1


[Site "https://www.chess.com"]

[Event "Titled Tuesday Blitz November 08 Late 2022"]
[White "Jobava, Baadur"]
[Black "Kamsky, Gata"]
[WhiteFideId "13601520"]
[BlackFideId "2000024"]
[WhiteElo "2582"]
[BlackElo "2666"]
[Result "1/2-1/2"]
[Round "11"]
[TimeControl "180+1"]
[Date "2022.11.09"]
[WhiteClock "0:01:26"]
[BlackClock "0:02:05"]

1. b3 b6 2. e4 Bb7 3. Bb2 e6 4. Nc3 Nf6 5. e5 Nd5 6. Nxd5 Bxd5 7. Ne2 Qh4 8. d4 Bb4+ 9. c3 Be7 10. c4 Bb7 11. Nc3 Nc6 1/2-1/2


[Site "https://www.chess.com"]

[Event "Titled Tuesday Blitz November 08 Late 2022"]
[White "Jorquera, Marcelo"]
[Black "Kumala, Aleksander"]
[WhiteFideId "3401197"]
[BlackFideId "1141880"]
[WhiteElo "2136"]
[BlackElo "2269"]
[Result "1-0"]
[Round "11"]
[TimeControl "180+1"]
[Date "2022.11.09"]
[WhiteClock "0:01:08"]
[BlackClock "0:01:07"]

1. e4 e5 2. Nc3 Nf6 3. f4 d5 4. fxe5 Nxe4 5. d3 Qh4+ 6. g3 Nxg3 7. Nf3 Qh5 8. Nxd5 Nxh1 9. Nxc7+ Kd8 10. Nxa8 Bg4 11. Bg2 Bxf3 12. Qxf3 Qxe5+ 13. Be3 Bc5 14. d4 Bxd4 15. O-O-O Nc6 16. Bxd4 Nxd4 17. c3 Qg5+ 18. Kb1 Qg6+ 19. Ka1 Re8 20. Qxb7 Qd6 21. cxd4 Nf2 22. Rc1 Qd7 23. Qxd7+ Kxd7 24. Bc6+ Ke7 25. Bxe8 Kxe8 26. Rc7 f5 27. Rxg7 f4 28. Nc7+ Kf8 29. Ne6+ Ke8 30. Nxf4 Kf8 31. Rxh7 1-0


[Site "https://www.chess.com"]

[Event "Titled Tuesday Blitz November 08 Late 2022"]
[White "Joubert, Dantelle"]
[Black "D`Arruda, Ricardo D."]
[WhiteFideId "14310813"]
[BlackFideId "100692"]
[WhiteElo "1507"]
[BlackElo "2485"]
[Result "0-1"]
[Round "11"]
[TimeControl "180+1"]
[Date "2022.11.09"]
[WhiteClock "0:00:12"]
[BlackClock "0:01:37"]

1. d4 Nf6 2. c4 e5 3. dxe5 Ne4 4. Nf3 Nc6 5. Nbd2 Nc5 6. Nb3 Nxb3 7. Qxb3 Bb4+ 8. Bd2 Bxd2+ 9. Nxd2 Nxe5 10. g3 O-O 11. Bg2 d6 12. O-O Rb8 13. Nf3 Be6 14. Nxe5 dxe5 15. Rad1 Qe7 16. Qc3 f6 17. b3 c6 18. Rd2 Rfd8 19. Rfd1 Rxd2 20. Qxd2 h6 21. h4 Qc5 22. Be4 a5 23. Qd6 Qxd6 24. Rxd6 Kf7 25. h5 Ke7 26. Rd2 a4 27. Kf1 Ra8 28. Kg2 axb3 29. axb3 Ra3 30. Rb2 Kd6 31. b4 Bxc4 32. Rd2+ Bd5 33. Bf3 Ra2 34. Rd1 f5 35. e4 fxe4 36. Bxe4 Rb2 37. Bxd5 cxd5 38. Rc1 Rxb4 39. Rc8 Rc4 40. Rg8 Rc7 41. Rf8 b5 0-1


[Site "https://www.chess.com"]

[Event "Titled Tuesday Blitz November 08 Late 2022"]
[White "Kanakaris, Georgios"]
[Black "Krishnan, Varun"]
[WhiteFideId "4209460"]
[BlackFideId "5054508"]
[WhiteElo "2291"]
[BlackElo "2543"]
[Result "0-1"]
[Round "11"]
[TimeControl "180+1"]
[Date "2022.11.09"]
[WhiteClock "0:00:08"]
[BlackClock "0:00:10"]

1. e4 g6 2. h4 h5 3. d4 d6 4. Bd3 Bg7 5. Ne2 c5 6. c3 Nf6 7. Bg5 O-O 8. Nd2 Nc6 9. f3 a6 10. a3 b5 11. O-O Qb6 12. Be3 Nd7 13. d5 Nce5 14. Bc2 e6 15. Nf4 Nf6 16. dxe6 fxe6 17. Qe1 Qc7 18. Qg3 Kh7 19. Rad1 Qf7 20. Nh3 Bh6 21. Bxh6 Kxh6 22. Nb3 Qe7 23. Rd2 Nc4 24. Rd3 Nxb2 25. Rxd6 Nc4 26. Rc6 e5 27. Rxc5 Bxh3 28. gxh3 Rac8 29. Rxc8 Rxc8 30. Rd1 Nxa3 31. Bd3 Rxc3 32. Na5 Qc7 33. Bf1 Kg7 34. Qg5 Rxf3 35. Bg2 Rf4 36. Kh2 Nc2 37. Nb3 Ne3 38. Rc1 Qe7 39. Rc6 Nxg2 40. Kxg2 Rxe4 41. Nc5 Qf7 42. Rxf6 Qxf6 43. Qxf6+ Kxf6 44. Nxe4+ Kf5 45. Nc5 a5 46. Kf3 a4 47. Ke3 a3 48. Nb3 a2 49. Kf3 e4+ 50. Ke3 Ke5 51. Kd2 Kf4 52. Ke2 Kg3 53. Ke3 Kxh4 54. Kxe4 Kxh3 55. Kf4 h4 56. Kf3 g5 57. Kf2 g4 58. Kf1 Kg3 59. Kg1 h3 60. Kf1 h2 61. Ke2 h1=Q 62. Nd2 Qf3+ 63. Nxf3 gxf3+ 64. Kd2 a1=Q 65. Kc2 Qe1 66. Kb2 Qe3 67. Ka2 f2 68. Kb2 f1=Q 69. Ka2 Qff2+ 70. Kb1 Qee1# 0-1


[Site "https://www.chess.com"]

[Event "Titled Tuesday Blitz November 08 Late 2022"]
[White "Kaplan, Avi Harrison"]
[Black "Chlpik, Martin"]
[WhiteFideId "30934559"]
[BlackFideId "14923351"]
[WhiteElo "1983"]
[BlackElo "2109"]
[Result "1-0"]
[Round "11"]
[TimeControl "180+1"]
[Date "2022.11.09"]
[WhiteClock "0:00:16"]
[BlackClock "0:00:01"]

1. b4 Nf6 2. Bb2 g6 3. Nf3 Bg7 4. e3 O-O 5. c4 d6 6. Be2 a5 7. a3 axb4 8. axb4 Rxa1 9. Bxa1 e5 10. d3 h6 11. O-O Be6 12. Nbd2 Nbd7 13. Qc2 c6 14. Bc3 Qe7 15. Ra1 Nh5 16. Ra7 Nb6 17. d4 exd4 18. Bxd4 Nc8 19. Ra8 Bf5 20. Qc3 Bxd4 21. Nxd4 Bd7 22. Bxh5 gxh5 23. N2f3 Qf6 24. g3 Bh3 25. Nh4 Ne7 26. Rxf8+ Kxf8 27. Qa1 Ng6 28. Qa8+ Kg7 29. Nxg6 Qxg6 30. Qa1 Kg8 31. Qe1 Qd3 32. c5 dxc5 33. bxc5 Qc4 34. Ne2 Qxc5 35. Nf4 Bg4 36. Qa1 Bf3 37. h3 Qd6 38. Kf1 Qd1+ 39. Qxd1 Bxd1 40. Ke1 Bb3 41. Nxh5 1-0


[Site "https://www.chess.com"]

[Event "Titled Tuesday Blitz November 08 Late 2022"]
[White "Kleiman, Jake"]
[Black "Ibarra Jerez, Jose Carlos"]
[WhiteFideId "2020041"]
[BlackFideId "2226332"]
[WhiteElo "2545"]
[BlackElo "2638"]
[Result "0-1"]
[Round "11"]
[TimeControl "180+1"]
[Date "2022.11.09"]
[WhiteClock "0:00:08"]
[BlackClock "0:00:06"]

1. e4 c5 2. c3 Nf6 3. e5 Nd5 4. Bc4 Nb6 5. Bb3 g6 6. Nf3 Bg7 7. O-O Nc6 8. d4 cxd4 9. cxd4 O-O 10. Qe2 d6 11. h3 dxe5 12. dxe5 Be6 13. Rd1 Qc8 14. Nc3 Bxb3 15. axb3 Qe6 16. Nb5 Qxb3 17. Be3 Qc4 18. Qxc4 Nxc4 19. Bxa7 N4xe5 20. Nxe5 Bxe5 21. Rd7 Bxb2 22. Ra2 Be5 23. Rxb7 Rfd8 24. g3 Rd1+ 25. Kg2 Rb1 26. Ra6 Nxa7 27. Rbxa7 Rxa7 28. Nxa7 Rb2 29. Nc6 Bd6 30. Ra5 e6 31. h4 Bc7 32. Ra3 Bb6 33. Rf3 f5 34. Ne5 Bd4 35. Nc4 Ra2 36. Ne3 e5 37. Nd5 e4 38. Rf4 Be5 39. h5 Bxf4 40. Nxf4 e3 41. Kf3 exf2 42. Kg2 g5 43. Nh3 h6 44. Nxf2 Kg7 45. Kf3 Kf6 46. g4 Ra3+ 47. Kg2 Ra2 48. Kg3 f4+ 49. Kf3 Ke5 50. Nd3+ Kd4 51. Nf2 Ra3+ 52. Kg2 Ra2 53. Kf3 Rxf2+ 54. Kxf2 Ke4 55. Ke2 f3+ 56. Kf2 0-1


[Site "https://www.chess.com"]

[Event "Titled Tuesday Blitz November 08 Late 2022"]
[White "Kollars, Dmitrij"]
[Black "Bortnyk, Olexandr"]
[WhiteFideId "12909572"]
[BlackFideId "14120828"]
[WhiteElo "2584"]
[BlackElo "2723"]
[Result "1/2-1/2"]
[Round "11"]
[TimeControl "180+1"]
[Date "2022.11.09"]
[WhiteClock "0:00:12"]
[BlackClock "0:00:04"]

1. e4 Nf6 2. e5 Nd5 3. d4 d6 4. c4 Nb6 5. f4 dxe5 6. fxe5 Bf5 7. Nf3 e6 8. Bd3 Bg4 9. Be3 c5 10. dxc5 N6d7 11. O-O Bxc5 12. Bxc5 Nxc5 13. Be2 Qxd1 14. Rxd1 Nc6 15. Nc3 Bxf3 16. gxf3 Nxe5 17. b4 Na6 18. a3 Ke7 19. f4 Ng6 20. Bf3 Rab8 21. Rd4 Rhd8 22. Rxd8 Kxd8 23. Rd1+ Ke7 24. Rd4 Nc7 25. Kf2 b6 26. Ke3 e5 27. fxe5 Nxe5 28. Be2 g6 29. Nd5+ Nxd5+ 30. Rxd5 f6 31. c5 Rd8 32. Rxd8 Kxd8 33. Kd4 Kc7 34. cxb6+ axb6 35. Kd5 Nc6 36. Bb5 Nd8 37. a4 f5 38. a5 bxa5 39. bxa5 Nf7 40. a6 Kb6 41. Bd3 Nh6 42. h3 Nf7 43. h4 Nh6 44. Ke5 Ng4+ 45. Kf4 Nf6 46. Bxf5 gxf5 47. Kxf5 Ng8 48. Ke6 Nh6 49. Kf6 Kxa6 50. Kg7 Nf5+ 51. Kxh7 Nxh4 1/2-1/2


[Site "https://www.chess.com"]

[Event "Titled Tuesday Blitz November 08 Late 2022"]
[White "Korchmar, Vasiliy"]
[Black "Kavutskiy, Konstantin"]
[WhiteFideId "24131750"]
[BlackFideId "2026384"]
[WhiteElo "2370"]
[BlackElo "2338"]
[Result "1-0"]
[Round "11"]
[TimeControl "180+1"]
[Date "2022.11.09"]
[WhiteClock "0:01:38"]
[BlackClock "0:01:04"]

1. e4 c5 2. Nf3 Nc6 3. d4 cxd4 4. Nxd4 Nf6 5. Nc3 e5 6. Ndb5 d6 7. Nd5 Nxd5 8. exd5 Ne7 9. c4 Ng6 10. h4 h5 11. Bd3 Nxh4 12. Qa4 Bd7 13. Qb4 Bg4 14. Rxh4 a6 15. Rxg4 hxg4 16. Nc3 Rh1+ 17. Ke2 Be7 18. Qxb7 Kf8 19. Bg5 Rxa1 20. Bxe7+ Qxe7 21. Qxa8+ Qe8 22. Qxe8+ Kxe8 23. Bb1 g6 24. b4 f5 25. Kd2 e4 26. Kc1 g3 27. fxg3 e3 28. Kb2 Rxb1+ 29. Kxb1 1-0


[Site "https://www.chess.com"]

[Event "Titled Tuesday Blitz November 08 Late 2022"]
[White "Machidon, Cristi"]
[Black "Forgacs, Attila Jr."]
[WhiteFideId "13904590"]
[BlackFideId "773654"]
[WhiteElo "2333"]
[BlackElo "2168"]
[Result "1-0"]
[Round "11"]
[TimeControl "180+1"]
[Date "2022.11.09"]
[WhiteClock "0:01:37"]
[BlackClock "0:02:08"]

1. c4 e5 2. Nc3 d6 3. Nf3 g6 4. d4 Nd7 5. e4 Bg7 6. Bg5 Ngf6 7. Qd2 h6 8. Bh4 g5 9. Bg3 Nh5 10. O-O-O O-O 11. Be2 Nxg3 12. hxg3 exd4 13. Nxd4 Ne5 14. f4 gxf4 15. gxf4 Ng4 16. Rdf1 f5 17. Nxf5 Bxf5 18. exf5 Nf6 19. g4 Qe7 20. g5 hxg5 21. fxg5 Ne4 22. Qd5+ Rf7 23. Nxe4 1-0


[Site "https://www.chess.com"]

[Event "Titled Tuesday Blitz November 08 Late 2022"]
[White "Makaraci, Tunahan"]
[Black "Makridis, Dimitrios"]
[WhiteFideId "6356559"]
[BlackFideId "25864475"]
[WhiteElo "2161"]
[BlackElo "2272"]
[Result "0-1"]
[Round "11"]
[TimeControl "180+1"]
[Date "2022.11.09"]
[WhiteClock "0:00:05"]
[BlackClock "0:00:06"]

1. e4 c5 2. c3 Nf6 3. e5 Nd5 4. d4 cxd4 5. cxd4 d6 6. Nf3 Nc6 7. Bc4 e6 8. O-O Be7 9. Qe2 O-O 10. Re1 a6 11. Nc3 Nxc3 12. bxc3 dxe5 13. dxe5 Qc7 14. Bd3 Rd8 15. Qe4 g6 16. Bh6 b5 17. Rad1 Bb7 18. Qf4 b4 19. Ng5 Bf8 20. Bxf8 Rxf8 21. Ne4 bxc3 22. Nf6+ Kg7 23. Ng4 Rg8 24. Bxg6 Kf8 25. Bxh7 Rg7 26. Bc2 Ne7 27. Qh6 Ng8 28. Qf4 Ne7 29. h4 Qc6 30. Be4 Qc4 31. Nf6 c2 32. Rc1 Ng6 33. Qh6 Bxe4 34. Rxe4 Qxa2 35. Re2 Rc8 36. h5 Ne7 37. Qh8+ Ng8 38. Nxg8 Rxg8 39. Qh6+ Ke8 40. Qd2 Rd8 41. Qxc2 Qd5 42. f3 Kf8 43. Qc3 Kg7 44. Qa3 Kh7 45. Qb2 Rg7 46. Qc2+ Kh8 47. h6 Rg6 48. Qc5 Qxf3 49. Qf2 Qh5 50. Qxf7 Rxg2+ 51. Rxg2 Qxf7 52. Rg7 Qf5 53. Rcc7 Rd1+ 54. Kg2 Qf1+ 55. Kg3 Rd3+ 56. Kh4 Qf4+ 57. Kh5 Rh3+ 58. Kg6 Rxh6# 0-1


[Site "https://www.chess.com"]

[Event "Titled Tuesday Blitz November 08 Late 2022"]
[White "Makarian, Rudik"]
[Black "Fier, Alexandr"]
[WhiteFideId "44105681"]
[BlackFideId "2107139"]
[WhiteElo "2423"]
[BlackElo "2617"]
[Result "1-0"]
[Round "11"]
[TimeControl "180+1"]
[Date "2022.11.09"]
[WhiteClock "0:00:08"]
[BlackClock "0:00:12"]

1. Nf3 Nf6 2. c4 e6 3. g3 d5 4. Bg2 dxc4 5. O-O c6 6. a4 Nbd7 7. Qc2 e5 8. Qxc4 Nc5 9. Qc2 Be6 10. Ra3 Qc7 11. Re3 Ncd7 12. d4 Nd5 13. Ng5 Nxe3 14. Nxe6 fxe6 15. Bxe3 exd4 16. Bxd4 O-O-O 17. Bxa7 b6 18. a5 Qxa7 19. Qxc6+ Kb8 20. Nc3 Rc8 21. Qxe6 Nc5 22. Qd5 Qa6 23. axb6 Nb7 24. Qe5+ Bd6 25. Qxg7 Rhd8 26. Nd5 Nc5 27. Qxh7 Rd7 28. Qf5 Rf8 29. Qg4 Qa4 30. b4 Nb3 31. h4 Rdf7 32. f4 Nd2 33. Qe6 Qd7 34. Qxd7 Rxd7 35. Rd1 Nc4 36. Ra1 Kc8 37. Ra8+ Bb8 38. Ra1 Kd8 39. Rc1 Nd6 40. Kh2 Nf5 41. e4 Nd4 42. e5 Rg7 43. Nf6 Ne2 44. Rd1+ Kc8 45. b7+ Kc7 46. Rd3 Kb6 47. Re3 Nd4 48. Rd3 Rd8 49. h5 Bc7 50. Be4 Ne6 51. Rc3 Rh8 52. Rc6+ Kb5 53. Rxe6 Kxb4 54. Nd5+ Kc4 55. Nxc7 Rxc7 56. Bg6 Kd4 57. Kh3 Ke3 58. Re8 Rxe8 59. Bxe8 Rxb7 60. Kg4 Ke4 61. Bg6+ Kd5 62. h6 Ke6 63. Kg5 Rb8 64. g4 Ke7 65. h7 Kf8 66. h8=Q+ Ke7 67. Qf6+ 1-0


[Site "https://www.chess.com"]

[Event "Titled Tuesday Blitz November 08 Late 2022"]
[White "Maksimovic, Bojan"]
[Black "Ashiku, Franc"]
[WhiteFideId "14408120"]
[BlackFideId "4700066"]
[WhiteElo "2447"]
[BlackElo "2306"]
[Result "1-0"]
[Round "11"]
[TimeControl "180+1"]
[Date "2022.11.09"]
[WhiteClock "0:01:13"]
[BlackClock "0:00:23"]

1. e4 c5 2. Nf3 Nc6 3. d4 cxd4 4. Nxd4 e5 5. Nb5 d6 6. N1c3 a6 7. Na3 b5 8. Nd5 Be6 9. c4 b4 10. Nc2 a5 11. Be2 g6 12. O-O Bg7 13. Be3 Nf6 14. f3 O-O 15. Qd2 Nd7 16. b3 Nc5 17. Rfd1 Rb8 18. Bf1 f5 19. exf5 gxf5 20. Rab1 f4 21. Bf2 e4 22. Nxf4 Bf7 23. Nd4 Ne5 24. Nf5 Qg5 25. Ng3 Rbd8 26. Nd5 Qxd2 27. Ne7+ Kh8 28. Rxd2 exf3 29. Nef5 Bf6 30. Rbd1 Bg6 31. Rxd6 Rxd6 32. Rxd6 Ned7 33. Rd5 Bf7 34. Rxc5 Nxc5 35. Bxc5 Rc8 36. Bd4 Bxd4+ 37. Nxd4 Rd8 38. Ngf5 Bg6 39. gxf3 Bxf5 40. Nxf5 Rd2 41. c5 Rxa2 42. c6 Rc2 43. Bc4 a4 44. c7 1-0


[Site "https://www.chess.com"]

[Event "Titled Tuesday Blitz November 08 Late 2022"]
[White "Marcolino, Daniel Mattos"]
[Black "Khandelwal, Ankush"]
[WhiteFideId "2106841"]
[BlackFideId "413470"]
[WhiteElo "2102"]
[BlackElo "2271"]
[Result "1-0"]
[Round "11"]
[TimeControl "180+1"]
[Date "2022.11.09"]
[WhiteClock "0:00:05"]
[BlackClock "0:00:40"]

1. d4 Nf6 2. Nf3 g6 3. g3 Bg7 4. Bg2 O-O 5. O-O d6 6. b3 c5 7. Bb2 cxd4 8. Nxd4 Nbd7 9. c4 a6 10. Nc3 Nc5 11. Qd2 Rb8 12. Rfe1 Ne6 13. Nxe6 Bxe6 14. Rad1 Qd7 15. e4 Bh3 16. e5 dxe5 17. Qxd7 Bxd7 18. Rxe5 Be6 19. Re2 b5 20. c5 Rfd8 21. Red2 Rxd2 22. Rxd2 Rc8 23. b4 Bc4 24. Nd5 Nxd5 25. Bxg7 Kxg7 26. Bxd5 Rd8 27. c6 Bxd5 28. c7 Rc8 29. Rxd5 Rxc7 30. h4 Rc2 31. a3 Rc3 32. Rd7 e6 33. Kf1 Rxa3 34. Ra7 Ra2 35. Kg2 e5 36. Kf3 Kf6 37. g4 h6 38. g5+ hxg5 39. hxg5+ Ke6 40. Ke3 Ra3+ 41. Ke2 Ra4 42. Ke3 f5 43. gxf6 Kf5 44. f7 Kf6 45. f8=Q+ Kg5 46. Qe7+ Kg4 47. Qxe5 Ra3+ 48. Ke2 Ra2+ 49. Kf1 Ra1+ 50. Kg2 1-0


[Site "https://www.chess.com"]

[Event "Titled Tuesday Blitz November 08 Late 2022"]
[White "Martinez Reyes, Pedro Ramon"]
[Black "Manelyuk, Daniil"]
[WhiteFideId "3901807"]
[BlackFideId "44173920"]
[WhiteElo "2354"]
[BlackElo "2209"]
[Result "1-0"]
[Round "11"]
[TimeControl "180+1"]
[Date "2022.11.09"]
[WhiteClock "0:01:03"]
[BlackClock "0:00:16"]

1. e4 e6 2. c4 d5 3. exd5 exd5 4. cxd5 Nf6 5. Bb5+ Bd7 6. Bc4 Bd6 7. Nc3 O-O 8. Nge2 Ng4 9. d4 Re8 10. h3 Qh4 11. O-O Nh2 12. Re1 Bxh3 13. Nf4 Rxe1+ 14. Qxe1 Bd7 15. Qe4 Ng4 16. Nh3 Na6 17. Bg5 Qh5 18. Re1 h6 19. Bf4 Re8 20. Qxe8+ Bxe8 21. Rxe8+ Kh7 22. Bd3+ g6 23. Bxd6 cxd6 24. Ne4 Kg7 25. Be2 Nc7 26. Rg8+ Kxg8 27. Bxg4 Qh4 28. g3 Qe7 29. Bf3 Kg7 30. Nc3 Qd8 31. Kg2 Ne8 32. Nf4 Nf6 33. Nd3 a6 34. Ne2 Qb6 35. b3 Qa5 36. a4 Qd2 37. Nec1 g5 38. g4 Qc2 39. Kg3 Qc3 40. Kg2 Qxd4 41. Kg3 Qf4+ 42. Nxf4 gxf4+ 43. Kxf4 Nd7 44. Nd3 Kf6 45. Ke4 Ke7 46. Kd4 Nf6 47. Be2 Nd7 48. f4 Nf6 49. g5 hxg5 50. fxg5 Nh7 51. Bg4 Nxg5 52. Bc8 b6 53. Bxa6 f5 54. Bc8 Kf6 55. b4 Nf7 56. a5 bxa5 57. bxa5 Ne5 58. Nxe5 dxe5+ 59. Ke3 Ke7 60. Bxf5 Kd6 61. a6 Kc7 62. d6+ Kb6 63. d7 Kxa6 64. d8=Q Kb7 65. Qc8+ Ka7 66. Kd3 e4+ 67. Kc4 Kb6 68. Bd7 Ka7 69. Qc7+ Ka6 70. Bb5# 1-0


[Site "https://www.chess.com"]

[Event "Titled Tuesday Blitz November 08 Late 2022"]
[White "Mazurkiewicz, Michal"]
[Black "Musovic, Armin"]
[WhiteFideId "1124943"]
[BlackFideId "939935"]
[WhiteElo "2063"]
[BlackElo "2288"]
[Result "1-0"]
[Round "11"]
[TimeControl "180+1"]
[Date "2022.11.09"]
[WhiteClock "0:00:21"]
[BlackClock "0:00:08"]

1. e4 c6 2. d3 d5 3. Nd2 g5 4. h3 Bg7 5. Ngf3 h6 6. g3 f5 7. exf5 Bxf5 8. d4 Nd7 9. Nb3 e5 10. dxe5 Qe7 11. Bd3 Bxd3 12. Qxd3 Nxe5 13. Nxe5 Qxe5+ 14. Be3 Qxb2 15. Qg6+ Kf8 16. O-O Qf6 17. Bc5+ Ne7 18. Qh5 b6 19. Bxe7+ Qxe7 20. Rae1 Qf7 21. Qg4 Bf6 22. Nd4 Bxd4 23. Qxd4 Qg7 24. Qg4 h5 25. Qe6 Rh6 26. Qe2 Kg8 27. Qf3 Rf8 28. Qa3 h4 29. Re7 Qf6 30. g4 Rh7 31. Rxh7 Kxh7 32. Qxa7+ Rf7 33. Qxb6 Qf3 34. Qe3 Qxe3 35. fxe3 Re7 36. Kf2 Re4 37. Ra1 Rc4 38. a4 Rxc2+ 39. Kf3 Rb2 40. a5 Kg6 41. a6 Rb8 42. a7 Ra8 43. Ra6 Kf7 44. e4 dxe4+ 45. Kxe4 Ke7 46. Kf5 c5 47. Kxg5 Kd7 48. Kxh4 c4 49. Ra4 c3 50. Rc4 Rxa7 51. Rxc3 Ke6 52. Rf3 Rh7+ 53. Kg3 Rc7 54. g5 Rc1 55. Kg4 Ke7 56. h4 Ke8 57. Kh5 Rc5 58. Kg6 Rc4 59. h5 Rc6+ 60. Rf6 Rc7 61. h6 Rc5 62. h7 Rxg5+ 63. Kxg5 1-0


[Site "https://www.chess.com"]

[Event "Titled Tuesday Blitz November 08 Late 2022"]
[White "Melikhov, Evgeny V."]
[Black "Przybylski, Wojciech"]
[WhiteFideId "4122046"]
[BlackFideId "1117599"]
[WhiteElo "2169"]
[BlackElo "2221"]
[Result "1-0"]
[Round "11"]
[TimeControl "180+1"]
[Date "2022.11.09"]
[WhiteClock "0:00:22"]
[BlackClock "0:00:02"]

1. d4 d5 2. c4 c6 3. Nc3 Nf6 4. e3 e6 5. Nf3 Nbd7 6. Bd3 Bd6 7. O-O dxc4 8. Bxc4 b5 9. Bb3 Bb7 10. e4 e5 11. Bg5 O-O 12. d5 cxd5 13. Nxd5 h6 14. Bxf6 Nxf6 15. Nxf6+ Qxf6 16. Bd5 Rab8 17. Bxb7 Rxb7 18. Qb3 Re8 19. Rad1 Rb6 20. Rd5 a6 21. Rfd1 Re6 22. a4 b4 23. Qc4 Be7 24. b3 Rbc6 25. Qe2 Rc3 26. R5d3 Kh7 27. h3 Rec6 28. Rxc3 Rxc3 29. Rd3 Qe6 30. Rxc3 bxc3 31. Qc2 Bb4 32. Ne1 Qd6 33. Nd3 a5 34. f3 Qd4+ 35. Kh2 g6 36. Kh1 Kg7 37. Kh2 h5 38. h4 Qe3 39. Kh1 Kf6 40. Kh2 Qd4 41. Kh1 Kg7 42. Kh2 Be7 43. g3 Bd8 44. Kg2 Bb6 45. Kh3 Ba7 46. g4 hxg4+ 47. Kxg4 Qg1+ 48. Kh3 Bd4 49. f4 exf4 50. Nxf4 Qf1+ 51. Ng2 1-0


[Site "https://www.chess.com"]

[Event "Titled Tuesday Blitz November 08 Late 2022"]
[White "Mendonca, Mateus Nakajo"]
[Black "Winterberg, Lukas"]
[WhiteFideId "2110954"]
[BlackFideId "24622702"]
[WhiteElo "2310"]
[BlackElo "2349"]
[Result "1-0"]
[Round "11"]
[TimeControl "180+1"]
[Date "2022.11.09"]
[WhiteClock "0:00:05"]
[BlackClock "0:00:01"]

1. Nf3 Nf6 2. c4 e6 3. g3 d5 4. Bg2 Be7 5. O-O O-O 6. d4 dxc4 7. Ne5 c5 8. dxc5 Qc7 9. Nxc4 Rd8 10. Qb3 Nc6 11. Bf4 e5 12. Bg5 Nd4 13. Qd1 Bg4 14. Qa4 Bxe2 15. Re1 Nf3+ 16. Bxf3 Bxf3 17. Nxe5 Bd5 18. Nc3 Be6 19. b4 a6 20. Qc2 Nd5 21. Bxe7 Qxe7 22. Nxd5 Rxd5 23. Nc4 Rad8 24. Nd6 b6 25. Rac1 bxc5 26. bxc5 Qc7 27. Re3 h5 28. h4 Qa5 29. Rc3 Bg4 30. f3 Be6 31. Nb7 Qc7 32. Nxd8 Rxd8 33. Kg2 Qe5 34. Rd3 Rc8 35. Qf2 Qf5 36. Rdc3 Qh3+ 37. Kg1 Bd5 38. c6 Rc7 39. Rc5 Qe6 40. Re1 Qd6 41. Rd1 Rxc6 42. Rcxd5 Qe6 43. Rd8+ 1-0


[Site "https://www.chess.com"]

[Event "Titled Tuesday Blitz November 08 Late 2022"]
[White "Mesa Cruz, Juan Carlos"]
[Black "Yano, William Jorge Froes"]
[WhiteFideId "6423400"]
[BlackFideId "2112949"]
[WhiteElo "2059"]
[BlackElo "2122"]
[Result "1-0"]
[Round "11"]
[TimeControl "180+1"]
[Date "2022.11.09"]
[WhiteClock "0:00:05"]
[BlackClock "0:00:12"]

1. e4 e6 2. Qe2 c5 3. Nf3 Nc6 4. g3 Nf6 5. Bg2 d5 6. d3 Be7 7. O-O O-O 8. e5 Nd7 9. c3 b5 10. h4 a5 11. Nbd2 Ba6 12. Re1 b4 13. Nf1 Qc7 14. N1h2 a4 15. a3 bxc3 16. bxc3 Rab8 17. h5 Na5 18. Bf4 Rb3 19. Qd2 Rfb8 20. Ra2 d4 21. c4 Rb1 22. h6 g6 23. Ng4 R8b3 24. Rxb1 Rxb1+ 25. Kh2 Nb3 26. Qc2 Ra1 27. Rxa1 Nxa1 28. Qxa4 Bb7 29. Qd1 Qa5 30. Qxa1 Nb6 31. Bd2 Qa8 32. Ne1 Na4 33. Qb1 Bxg2 34. Nxg2 Nc3 35. Bxc3 dxc3 36. Qb3 c2 37. Qxc2 Qxa3 38. Qb1 Qa8 39. Qb6 g5 40. N2e3 Qc8 41. Nc2 f5 42. exf6 Bd8 43. Qd6 Kf7 44. Ne5+ Kxf6 45. Ne3 Bc7 46. N3g4+ Kf5 47. Qxc5 Bxe5 48. Qxc8 Bd4 49. Qf8+ Kxg4 50. f3+ Kh5 51. Kh3 Kg6 52. Qe8+ Kxh6 53. Qxe6+ Kg7 54. Qd7+ Kg6 55. Qxd4 Kh5 56. Qe4 h6 57. Qe8# 1-0


[Site "https://www.chess.com"]

[Event "Titled Tuesday Blitz November 08 Late 2022"]
[White "Mikhalsky, Vladimir"]
[Black "Svane, Frederik"]
[WhiteFideId "14144352"]
[BlackFideId "12923044"]
[WhiteElo "2271"]
[BlackElo "2466"]
[Result "0-1"]
[Round "11"]
[TimeControl "180+1"]
[Date "2022.11.09"]
[WhiteClock "0:00:05"]
[BlackClock "0:01:40"]

1. d4 Nf6 2. c4 e6 3. g3 d5 4. Bg2 Bb4+ 5. Bd2 Be7 6. Nf3 O-O 7. O-O c6 8. Qc2 b6 9. b3 Nbd7 10. Bc3 Ba6 11. Bb2 Rc8 12. Ne5 c5 13. dxc5 Rxc5 14. Nxd7 Qxd7 15. Ba3 Rc7 16. Bxe7 Qxe7 17. Nd2 dxc4 18. bxc4 Rfc8 19. Rfc1 Bxc4 20. Nxc4 b5 21. Nb6 Rxc2 22. Nxc8 Rxc1+ 23. Rxc1 Qa3 24. Rc7 g5 25. Nxa7 Qxa2 26. Nc6 b4 27. Rb7 b3 28. Na5 b2 0-1


[Site "https://www.chess.com"]

[Event "Titled Tuesday Blitz November 08 Late 2022"]
[White "Myers, Dominique"]
[Black "Kovacevic, Radmila"]
[WhiteFideId "2041715"]
[BlackFideId "933171"]
[WhiteElo "1986"]
[BlackElo "2208"]
[Result "1-0"]
[Round "11"]
[TimeControl "180+1"]
[Date "2022.11.09"]
[WhiteClock "0:01:23"]
[BlackClock "0:00:02"]

1. e4 e5 2. Nf3 f5 3. Nxe5 Qf6 4. d4 d6 5. Nc4 fxe4 6. Nc3 Qg6 7. Qe2 Nf6 8. h3 Be7 9. g4 Nc6 10. Be3 d5 11. Ne5 Nxe5 12. dxe5 Nxg4 13. hxg4 Bxg4 14. Qb5+ c6 15. Qxb7 Rd8 16. Qxc6+ Qxc6 17. Bb5 Bd7 18. Bxc6 Bxc6 19. O-O-O a6 20. Rhg1 g6 21. Ne2 O-O 22. Nd4 Bd7 23. Nb3 Rf5 24. Rxd5 Be6 25. Rxd8+ Bxd8 26. Nd4 Rxe5 27. Nxe6 Rxe6 28. Rd1 Be7 29. c4 g5 30. c5 h5 31. Rh1 h4 32. b4 g4 33. a4 h3 34. Kc2 Kf7 35. Kc3 Kg6 36. Kc4 Kf5 37. b5 axb5+ 38. axb5 Bg5 39. b6 Bxe3 40. fxe3 Rg6 41. b7 Rg8 42. c6 Ke6 43. Kc5 Ke7 44. c7 Rg5+ 45. Kb6 Rg6+ 46. Ka7 g3 47. c8=Q g2 48. Qxh3 gxh1=Q 49. Qxh1 Re6 50. b8=Q Kf6 51. Qh6+ Kf5 52. Qbf4# 1-0


[Site "https://www.chess.com"]

[Event "Titled Tuesday Blitz November 08 Late 2022"]
[White "Pakleza, Zbigniew"]
[Black "Moskvin, Anatoly"]
[WhiteFideId "1119290"]
[BlackFideId "24199990"]
[WhiteElo "2411"]
[BlackElo "2079"]
[Result "1-0"]
[Round "11"]
[TimeControl "180+1"]
[Date "2022.11.09"]
[WhiteClock "0:00:19"]
[BlackClock "0:00:29"]

1. d4 Nf6 2. Nf3 d5 3. Bf4 c5 4. c3 Qb6 5. Qb3 c4 6. Qc2 Nc6 7. Nbd2 g6 8. e4 Nxe4 9. Nxe4 dxe4 10. Nd2 Bf5 11. Nxc4 Qd8 12. Qb3 Qd7 13. d5 Qxd5 14. Nd6+ Qxd6 15. Bxd6 exd6 16. Qxb7 Rc8 17. Bb5 Bd7 18. Qxc8+ Bxc8 19. Bxc6+ Bd7 20. Bxe4 Bg7 21. O-O-O Ke7 22. Rhe1 Be6 23. Bd5 Rb8 24. Re4 Kd7 25. Ra4 Bf5 26. Rxa7+ Kd8 27. f4 Bh6 28. g3 g5 29. Bxf7 Rb6 30. Rd4 gxf4 31. gxf4 Bg7 32. Rb4 Rxb4 33. cxb4 Be4 34. Bd5 Bxd5 35. Rxg7 Be4 36. Kd2 Ke8 37. Ke3 Bb1 38. a4 Kf8 39. Rd7 1-0


[Site "https://www.chess.com"]